Map: Prion Terraces

Players

PSiArcYanmoo (PSiArc)

  • Race: Terran Terran
  • League: Grandmaster

PiG - Winner!

  • Race: Zerg Zerg

Event: NationWars III

VOD

Have the link to the VOD?

Description

Time

  • Played on: Nov. 21, 2015, 4:48 p.m.
  • Length: 19:34
Show
View Real Time Build Order
Export as new Build Order

PSiArcYanmoo Terran 

Build Orders: Reaper Expand, Bio Mine 

Get SALT Encoding   

  12  0:01  SCV  
  13  0:13  SCV  
  14  0:17  Supply Depot  
  14  0:25  SCV  
  15  0:38  SCV  
  15  0:39  Barracks  
  16  0:43  Refinery  
  16  0:51  SCV  
  17  1:03  SCV  
  18  1:15  SCV  
  19  1:27  Orbital Command  
  19  1:28  Reaper  
  20  1:38  Command Center  
  20  1:48  Supply Depot  
  20  1:53  SCV  
  21  2:00  Marine  
  22  2:05  SCV  
  22  2:07  Factory  
  23  2:17  SCV  
  24  2:25  Barracks Reactor  
  24  2:29  SCV  
  25  2:41  SCV  
  26  2:44  Barracks  
  26  2:45  Barracks  
  26  2:51  Orbital Command  
  26  2:54  SCV  
  27  3:01  Refinery  
  27  3:06  Supply Depot  
  27  3:08  SCV  
  27  3:12  Hellion x2  
  32  3:15  Barracks Tech Lab  
  32  3:17  SCV  
  33  3:22  SCV  
  34  3:29  SCV  
  34  3:30  Bunker  
  35  3:35  Hellion x2  
  35  3:36  Marine  
  35  3:37  SCV  
  41  3:41  Stimpack  
  41  3:42  SCV  
  41  3:48  Marine x2  
  43  3:49  SCV  
  43  3:54  SCV  
  46  3:55  Supply Depot  
  46  4:03  SCV  
  46  4:05  Marine  
  46  4:06  SCV  
  46  4:09  Starport  
  49  4:15  SCV, Factory Reactor  
  50  4:18  SCV  
  50  4:25  Command Center  
  50  4:27  SCV  
  50  4:30  SCV, Marine x2  
  50  4:31  Marine  
  55  4:38  Supply Depot  
  55  4:39  SCV  
  55  4:42  SCV  
  55  4:43  Supply Depot  
  57  4:45  Medivac  
  57  4:46  Medivac  
  57  4:51  Marine  
  62  4:59  SCV x2, Supply Depot, Factory Reactor, Marine  
  65  5:02  Refinery x2  
  65  5:09  Engineering Bay  
  65  5:10  Engineering Bay  
  65  5:12  Marine  
  65  5:13  Marine  
  67  5:14  Barracks Reactor, SCV  
  67  5:15  SCV  
  69  5:21  Marine  
  69  5:26  SCV  
  71  5:29  SCV  
  71  5:33  Marine x2  
  74  5:37  Terran Infantry Weapons Level 1, Terran Infantry Armor Level 1  
  74  5:38  SCV  
  74  5:39  Orbital Command  
  74  5:41  SCV  
  76  5:45  Combat Shields, Marine  
  76  5:49  Armory  
  77  5:51  SCV  
  77  5:54  Marine x3  
  77  5:56  Marine  
  82  6:02  Marine  
  81  6:05  Widow Mine x2  
  81  6:06  Orbital Command  
  81  6:07  SCV x2  
  87  6:12  Marine x3  
  87  6:16  Supply Depot  
  87  6:18  Supply Depot  
  90  6:19  SCV  
  90  6:24  Marine x2  
  93  6:27  Medivac x2  
  93  6:30  Marine  
  98  6:34  SCV x2  
  98  6:36  Bunker  
  98  6:39  Marine x2  
  101  6:42  Marine x2  
  101  6:55  Marine  
  101  6:56  SCV x2  
  101  6:57  SCV, Marine x2  
  107  7:01  Barracks  
  107  7:02  Barracks  
  107  7:04  Marine x2  
  107  7:06  Factory  
  109  7:11  Widow Mine  
  109  7:12  Widow Mine  
  109  7:13  Marine  
  109  7:15  Terran Vehicle And Ship Armor Level 1, Marine x2  
  115  7:18  Missile Turret  
  115  7:21  Supply Depot  
  116  7:22  Supply Depot  
  116  7:24  Refinery  
  116  7:25  Marine  
  117  7:42  Marine x3  
  117  7:43  SCV x3  
  123  7:44  Command Center, Terran Infantry Weapons Level 2  
  123  7:45  Terran Infantry Armor Level 2  
  123  7:51  Supply Depot  
  123  7:52  Supply Depot  
  111  8:03  Marine x4  
  111  8:04  Barracks Reactor x2, Widow Mine x2  
  111  8:05  Factory Tech Lab, Medivac x2  
  119  8:06  Marine  
  118  8:20  Marine  
  118  8:21  SCV x2, Marine x3  
  118  8:22  Missile Turret  
  118  8:23  Missile Turret  
  118  8:24  Missile Turret, Marine  
  118  8:25  Missile Turret  
  125  8:27  Factory  
  123  8:38  Marine x2  
  123  8:39  Marine  
  123  8:40  Marine x2  
  128  8:42  Marauder, Marine  
  128  8:43  Drilling Claws, Widow Mine x2  
  128  8:44  Thor  
  140  8:49  Supply Depot x2  
  140  8:50  Supply Depot  
  136  8:56  Marine x3  
  135  9:11  Marine x4  
  135  9:12  Medivac x2, Marine  
  138  9:18  Marine x2  
  138  9:19  Widow Mine x2, Marine x2  
  138  9:23  Refinery  
  134  9:31  Marine  
  134  9:32  Marine x2  
  134  9:34  Marine x2  
  134  9:37  Marauder, Marine x2  
  122  9:41  Marine  
  122  9:42  Thor  
  122  9:49  Marine x3  
  107  9:53  Marine x2  
  107  9:54  Marine  
  107  9:57  Marine, Orbital Command  
  107  9:58  Widow Mine, Marauder  
  107  9:59  Marine, Widow Mine  
  107  10:07  Marine x2  
  107  10:11  Marine  
  107  10:13  Marine x2  
  107  10:14  Marine  
  105  10:15  Marine  
  105  10:17  Planetary Fortress  
  105  10:20  Missile Turret  
  106  10:23  Marine x2  
  108  10:32  SCV x2  
  108  10:33  SCV  
  111  10:39  Widow Mine x2  
  115  10:47  Marine  
  115  10:48  Marine  
  114  10:52  Marine  
  114  10:53  Marauder, Marine x2  
  114  10:54  Marine x2  
  114  10:55  Widow Mine  
  108  11:05  Missile Turret x3  
  108  11:08  Marine x2, Widow Mine, Orbital Command  
  104  11:19  Marine x2  
  104  11:20  Marauder  
  104  11:24  Marine  
  104  11:25  Marine x3  
  93  11:26  Marine x2  
  95  11:37  Terran Vehicle And Ship Armor Level 2, Ghost Academy, Marine x2  
  95  11:39  SCV  
  99  11:40  SCV x2  
  99  11:41  Marine  
  99  11:42  Marine  
  102  12:01  Command Center, Marine x2  
  105  12:10  Marauder  
  107  12:21  Barracks  
  107  12:22  Barracks  
  106  12:23  Barracks Tech Lab  
  106  12:25  Barracks Tech Lab, Marine x2  
  108  12:30  Starport Reactor  
  108  12:31  Marauder  
  108  12:33  Widow Mine x2  
  113  12:41  Marine  
  116  12:46  Ghost x2  
  116  12:51  Marine x3  
  119  12:52  Ghost  
  119  12:55  Thor  
  129  13:10  Marine x2  
  129  13:11  Widow Mine x2, Marine x4  
  129  13:12  Medivac x2  
  136  13:22  Ghost  
  136  13:23  Ghost  
  140  13:33  Ghost  
  142  13:55  Refinery  
  142  13:56  Refinery, Marine x5  
  142  13:57  Marine x2  
  142  13:58  Marine  
  130  14:18  Marine x2  
  130  14:19  Marauder  
  130  14:21  Marine x4  
  130  14:22  Marauder x2, Widow Mine x2, Marine x2  
  146  14:36  Marine x2  
  148  14:39  Marine x2  
  148  14:40  Marauder  
  148  14:41  Refinery x2  
  152  14:46  Ghost, Marine  
  152  14:47  Marine  
  156  14:53  Orbital Command  
  156  15:27  Marine x9  
  169  15:28  Marauder x2  
  134  15:44  Marine  
  134  15:45  Marauder  
  134  15:48  Marine x2  
  134  15:49  Marine x3  
  144  15:50  Marauder  
  144  15:56  Marine x2  
  133  15:57  Marine  
  133  16:02  Marine, Widow Mine x2  
  133  16:03  Widow Mine  
  130  16:06  Marine x3  
  130  16:07  Marauder  
  122  16:11  Marauder  
  122  16:13  Marine x2  
  122  16:16  Marine x2  
  122  16:17  Marauder  
  128  16:20  Marine  
  128  16:22  Orbital Command  
  123  16:40  Terran Infantry Weapons Level 3  
  121  16:58  Marine  
  120  17:07  Marine x2  
  122  17:13  Marine x2  
  110  17:16  Orbital Command  
  110  17:27  Medivac x2  
  114  17:42  Marine  
  114  17:43  Marine x5  
  114  17:44  Marauder, Marine  
  106  18:23  Marine x3  
  106  18:24  Command Center, Marauder  
Show
View Real Time Build Order
Export as new Build Order

PiG Zerg - Winner!

Build Orders: Hatch First, Muta Ling Bane 

Get SALT Encoding   

  12  0:01  Drone  
  13  0:12  Overlord  
  13  0:18  Drone  
  14  0:31  Drone x2  
  16  0:36  Drone  
  17  0:52  Hatchery  
  17  0:55  Drone  
  17  0:57  Drone  
  18  1:11  Spawning Pool  
  18  1:15  Drone  
  18  1:17  Drone  
  19  1:24  Extractor  
  18  1:28  Drone  
  19  1:41  Hatchery  
  19  1:45  Drone  
  19  1:50  Drone  
  20  1:58  Queen  
  22  2:05  Queen  
  24  2:09  Zergling x2  
  24  2:12  Zergling x2  
  27  2:15  Zergling x2  
  27  2:18  Drone  
  28  2:24  Overlord  
  28  2:30  Spore Crawler  
  28  2:41  Metabolic Boost  
  28  2:45  Queen  
  28  2:49  Overlord  
  28  2:50  Drone  
  28  2:51  Drone  
  32  2:57  Drone x2  
  34  3:08  Drone x3  
  37  3:15  Queen  
  37  3:16  Drone  
  40  3:20  Drone  
  40  3:22  Overlord  
  40  3:26  Overlord  
  41  3:34  Drone  
  42  3:41  Drone x4  
  45  3:42  Drone  
  45  3:48  Zergling x6  
  49  3:52  Queen  
  51  3:57  Overlord  
  51  4:01  Drone x3  
  54  4:05  Extractor  
  54  4:06  Drone x4  
  54  4:07  Evolution Chamber, Drone  
  57  4:11  Overlord x2  
  57  4:28  Lair, Drone  
  57  4:29  Drone x3  
  57  4:30  Drone x4, Baneling Nest  
  64  4:36  Drone  
  64  4:37  Drone x2  
  67  4:39  Zerg Melee Weapons Level 1  
  67  4:42  Overlord  
  67  4:43  Extractor  
  66  4:50  Overlord x2  
  66  4:55  Hatchery, Zergling x4  
  66  4:58  Zergling x4  
  66  4:59  Zergling x2  
  70  5:01  Zergling x2  
  70  5:05  Zergling x6  
  74  5:07  Zergling x6  
  74  5:12  Zergling x8  
  81  5:22  Baneling x5  
  81  5:26  Zergling x6  
  81  5:27  Zergling x2  
  85  5:39  Spire, Extractor  
  85  5:40  Drone x3  
  85  5:41  Zergling x2  
  85  5:42  Extractor, Zergling x10  
  91  5:43  Baneling x3  
  91  5:44  Baneling x2  
  91  5:54  Overlord x3  
  89  6:08  Zergling x14  
  96  6:13  Baneling x2  
  96  6:14  Centrifical Hooks  
  96  6:17  Drone x3  
  96  6:18  Drone x3  
  101  6:21  Hatchery  
  101  6:26  Baneling  
  103  6:40  Drone x2  
  103  6:41  Drone x3  
  103  6:42  Drone, Extractor  
  103  6:43  Drone x2  
  107  6:51  Overlord x2  
  107  6:59  Zerg Melee Weapons Level 2  
  107  7:03  Evolution Chamber  
  106  7:12  Overlord, Mutalisk  
  106  7:13  Mutalisk x5  
  118  7:16  Zergling x14  
  118  7:21  Overlord  
  125  7:23  Overseer  
  125  7:24  Pneumatized Carapace  
  125  7:28  Mutalisk  
  126  7:30  Zergling x18  
  138  7:37  Zergling x6  
  138  7:38  Baneling  
  138  7:39  Baneling x6  
  138  7:45  Baneling  
  138  7:46  Baneling x2  
  138  7:57  Zergling x12  
  138  7:58  Zergling x10  
  129  8:07  Zergling x8  
  129  8:11  Zerg Ground Armor Level 1  
  133  8:13  Infestation Pit  
  133  8:15  Drone x2  
  134  8:21  Drone  
  134  8:22  Drone x4  
  134  8:25  Zergling x14  
  146  8:33  Mutalisk x2  
  146  8:34  Mutalisk x2  
  153  8:43  Zergling x12  
  153  8:47  Overlord x3  
  158  8:49  Baneling  
  158  8:50  Baneling x16  
  158  8:58  Zergling x12  
  158  8:59  Zergling x2  
  158  9:02  Hive, Overlord x3  
  165  9:06  Zergling x6  
  168  9:13  Zergling x20  
  168  9:16  Baneling  
  168  9:17  Baneling  
  178  9:21  Zergling x6  
  173  9:28  Zergling x4  
  162  9:37  Zergling x10  
  149  9:45  Zergling x18  
  147  9:54  Zergling x8  
  147  9:57  Mutalisk  
  150  10:05  Mutalisk x3  
  146  10:09  Zerg Ground Armor Level 2, Overseer  
  146  10:12  Zergling x8  
  146  10:13  Zergling x2  
  150  10:16  Baneling x4  
  150  10:18  Zergling x12  
  156  10:23  Zergling x4  
  158  10:29  Zergling x6  
  158  10:30  Zergling x2  
  158  10:32  Mutalisk  
  158  10:35  Baneling x3  
  164  10:36  Zergling x2  
  164  10:37  Zergling x8  
  159  10:50  Zergling x4  
  159  10:51  Zergling x10  
  162  11:04  Burrow  
  162  11:06  Zergling x10  
  162  11:07  Baneling x6  
  162  11:08  Baneling x2  
  162  11:10  Zerg Melee Weapons Level 3  
  165  11:12  Adrenal Glands, Ultralisk Cavern  
  165  11:15  Mutalisk x3  
  150  11:19  Zergling x10  
  126  11:32  Extractor  
  125  11:33  Extractor  
  125  11:36  Zergling x18  
  125  11:37  Zergling x2  
  132  11:45  Hatchery  
  131  11:52  Hatchery  
  130  11:59  Mutalisk x4  
  130  12:01  Overseer  
  138  12:02  Chitinous Plating  
  138  12:03  Ultralisk  
  144  12:10  Zergling x12  
  144  12:11  Zergling x12  
  144  12:15  Baneling x13  
  156  12:16  Zergling x2  
  156  12:17  Zergling x16  
  165  12:25  Ultralisk  
  165  12:26  Zergling x2  
  165  12:27  Zergling x8  
  176  12:47  Overlord  
  176  12:49  Zerg Ground Armor Level 3  
  176  12:50  Zergling x2  
  177  12:53  Ultralisk  
  177  12:55  Hatchery, Zergling x2  
  177  12:56  Baneling x2  
  180  13:22  Baneling x5  
  180  13:26  Greater Spire  
  180  13:30  Zergling x16  
  180  13:31  Zergling x6  
  190  13:57  Baneling x3  
  190  13:58  Ultralisk  
  190  14:01  Baneling x9  
  169  14:12  Zergling x16  
  169  14:15  Zergling x20  
  178  14:22  Pathogen Glands  
  178  14:27  Zergling x2  
  178  14:28  Zergling x22  
  190  14:43  Zergling x18  
  199  14:59  Baneling  
  199  15:00  Baneling x8  
  199  15:14  Baneling  
  199  15:15  Baneling  
  199  15:21  Baneling x2  
  163  15:41  Zergling x10  
  163  15:42  Zergling x10  
  173  15:46  Overseer x2  
  173  15:47  Zerg Flyer Weapons Level 1  
  173  15:49  Corruptor x6  
  169  16:01  Drone x3  
  169  16:02  Drone x6  
  169  16:03  Drone  
  169  16:04  Drone  
  156  16:23  Zergling x26  
  168  16:25  Zergling x2  
  168  16:26  Zergling x10  
  175  16:33  Brood Lord  
  175  16:50  Brood Lord x3  
  175  16:51  Brood Lord  
  182  17:10  Brood Lord  
  183  17:23  Spore Crawler  
  183  17:24  Extractor x2  
  183  17:25  Drone x3, Spine Crawler  
  183  17:26  Drone x4, Spine Crawler  
  183  17:29  Baneling x4  
  185  17:30  Baneling  
  185  17:33  Ultralisk  
  185  17:34  Ultralisk  
  167  18:07  Ultralisk x4  
  185  18:33  Zergling x18  
  185  18:34  Zergling x2  
  195  18:40  Extractor x2  
  193  18:56  Hydralisk Den  
Tags
 
Add a new tag
Caveats
  • Supply blocks, unpowered buildings, or Contaminate may cause inaccurate times.
  • Supply counts are checked every 10 seconds.